 Dungeon Crawl Stone Soup version 0.31.0-9-g3a7656b989 (webtiles) character file.

Game seed: 17293483814577818769

48 qw the Shooter (level 3, 0/18 HPs)
             Began as a Spriggan Hunter on Feb 2, 2024.
             Slain by an orc
             ... wielding a +0 vampiric hand axe
              (6 damage)
             ... on level 2 of the Dungeon.
             The game lasted 00:00:03 (1270 turns).

qw the Shooter (Spriggan Hunter)                    Turns: 1270, Time: 00:00:03

Health: 0/18       AC:  2    Str:  7    XL:     3   Next: 50%
Magic:  4/4        EV: 19    Int: 10    God:
Gold:   29         SH:  0    Dex: 20    Spells: 2/2 levels left

rFire   . . .        a - +0 shortbow
rCold   . . .        (shield currently unavailable)
rNeg    . . .        c - +0 robe
rPois   .            (helmet restricted)
rElec   .            (no cloak)
rCorr   .            (gloves unavailable)
SInv    +            (boots unavailable)
Will    .....        (no amulet)
Stlth   ++           (no ring)
HPRegen 0.23/turn    (no ring)
MPRegen 0.09/turn

%: no passive effects
@: very quick
A: very small, no large weapons, unfitting armour, see invisible, speed 3
a: no special abilities


You were on level 2 of the Dungeon.
You visited 1 branch of the dungeon, and saw 2 of its levels.

You collected 29 gold pieces.


Innate Abilities, Weirdness & Mutations

You are very small and have problems with some larger weapons.
You are too small for most types of armour.
You have supernaturally acute eyesight. (SInv)
You cover ground extremely quickly. (Speed+++)


   Skills:
 - Level 1.5 Fighting
 + Level 4.7 Ranged Weapons
 - Level 4.0 Dodging
 - Level 1.5 Stealth


You had 2 spell levels left.
You didn't know any spells.
Your spell library was empty.

Inventory:

Hand Weapons
 a - a +0 shortbow (weapon)
Armour
 c - a +0 robe (worn)

Dungeon Overview and Level Annotations

Branches:
Dungeon (2/15)

Altars:

Shops:
D:1 :   D:2 !


Message History

You shoot an arrow. The arrow barely misses the jackal.
The arrow hits the hobgoblin!
You kill the hobgoblin!
The jackal bites you. The orc closely misses you.
A hobgoblin comes into view.
The jackal misses you.
You shoot an arrow. The arrow closely misses the jackal.
The hobgoblin shouts!
The jackal barely misses you.
The orc hits you with a +0 vampiric hand axe.
The jackal bites you. The jackal misses you.
You shoot an arrow. The jackal barks!
The arrow hits the jackal.
You kill the jackal!
You hear a shout!
The orc barely misses you. The jackal misses you.
The orc hits you with a +0 vampiric hand axe.
The jackal closely misses you.
You shoot an arrow.
The arrow hits the orc but does no damage.
The jackal closely misses you. The orc completely misses you.
The rat barely misses you.
You shoot an arrow.
The arrow hits the orc but does no damage.
The orc closely misses you. The rat bites you. The jackal barely misses you.
You shoot an arrow. The arrow barely misses the orc.
The jackal closely misses you. The jackal completely misses you.
The orc completely misses you. The rat misses you.
The jackal closely misses you.
A ribbon worm comes into view.
The jackal barely misses you.
You shoot an arrow. The arrow barely misses the orc.
The orc misses you. The rat closely misses you. The jackal bites you.
The jackal misses you.
You shoot an arrow.
The arrow hits the orc but does no damage.
The jackal bites you. The jackal barely misses you.
The orc hits you with a +0 vampiric hand axe.
You die...

##.#.#######
#....)......
#.######.###
##.# #..#
#..#
######.(#
........#
######h@#
#hro..$$..
#.$#..###.
#..#.## ..%#
# ##..# w...
#.##


You could see a ribbon worm, an orc, 2 jackals and a rat.

Vanquished Creatures
  2 dart slugs
  An orc (D:2)
  9 ball pythons
  7 endoplasms (D:1)
  A giant cockroach (D:2)
  5 goblins
  2 hobgoblins
  2 jackals (D:2)
  2 kobolds (D:1)
  2 quokkas (D:1)
  3 bats (D:1)
  A frilled lizard (D:1)
37 creatures vanquished.

Notes
Turn   | Place    | Note
-------+----------+-------------------------------------------
     0 | D:1      | qw the Spriggan Hunter began the quest for the Orb.
     0 | D:1      | Reached XP level 1. HP: 10/10 MP: 2/2
     0 | D:1      | 0 ||| qw: Version: 0.3-a-155-g5e7d8dd
     0 | D:1      | 0 ||| qw: Game counter: 183
     0 | D:1      | 0 ||| qw: Melee chars always use a shield: true
     0 | D:1      | 0 ||| qw: God list: Okawaru
     0 | D:1      | 0 ||| qw: Allow faded altars: false
     0 | D:1      | 0 ||| qw: Do Orc after clearing Dungeon:15 true
     0 | D:1      | 0 ||| qw: Do second Lair branch before Depths: true
     0 | D:1      | 0 ||| qw: Lair rune preference: random
     0 | D:1      | 0 ||| qw: Goals: Normal
     0 | D:1      | 0 ||| PLANNING D:1-11
   110 | D:1      | Reached skill level 3 in Dodging
   269 | D:1      | Reached XP level 2. HP: 14/14 MP: 3/3
   487 | D:1      | Found a faded altar of an unknown god.
   857 | D:1      | Found Etryriec's Book Emporium.
   879 | D:1      | Reached XP level 3. HP: 18/18 MP: 4/4
  1128 | D:1      | 1128 ||| READING scroll labelled TUEPNA WEQI.
  1129 | D:1      | 1129 ||| READING scroll labelled MEAWAL VOCUGA.
  1130 | D:1      | 1130 ||| DROPPING scroll of butterflies.
  1160 | D:2      | Found Zorghaki's Distillery.
  1166 | D:2      | 1166 ||| SHOPLISTING potion of cancellation (80 gold, have
                  | 29).
  1166 | D:2      | 1166 ||| SHOPLISTING potion of curing (30 gold, have 29).
  1166 | D:2      | 1166 ||| SHOPLISTING potion of enlightenment (50 gold, have
                  | 29).
  1166 | D:2      | 1166 ||| SHOPLISTING potion of haste (100 gold, have 29).
  1166 | D:2      | 1166 ||| SHOPLISTING potion of mutation (80 gold, have 29).
  1230 | D:2      | 1230 ||| FLEEEEING.
  1270 | D:2      | Slain by an orc

Levels and vault maps discovered:
D:1:      lightli_arrival_statuegarden, layout_loops_corners, serial_forest,
          infiniplex_forest_lined_room_3, infiniplex_forest_corner_1,
          infiniplex_forest_split, infiniplex_forest_end_2,
          infiniplex_forest_end_1, infiniplex_forest_end_2,
          infiniplex_forest_straight_5, infiniplex_forest_corner_2,
          infiniplex_forest_end_2, serial_shops, shop,
          nicolae_ecumenical_snake_handling, hex_tiny
D:2:      layout_loops_ring, serial_shops, shop, guppyfry_early_orc_mine

Skill      XL: |  1  2 |
---------------+-------+-----
Dodging        | 3 4 |  4.0
Fighting       | |  1.5
Ranged Weapons | |  4.7
Stealth        | |  1.5

Action                     || total
---------------------------++-------
   Fire: Shortbow          ||    80
    Use: Scroll            ||     2
 Armour: Robe              ||    16
  Dodge: Dodged            ||    37

Table legend:
 A = Non-vault XP
 B = Vault XP
 C = Vault XP percentage of total XP
 D = Non-vault monster count
 E = Vault monster count
 F = Vault count percentage of total count
                 A         B        C        D         E       F
            +---------+---------+-------+---------+---------+-------
      Total |      59 |      10 |  14.5 |      30 |       7 |  18.9
            +---------+---------+-------+---------+---------+-------
        D:1 |      45 |       4 |   8.2 |      24 |       4 |  14.3
        D:2 |      14 |       6 |  30.0 |       6 |       3 |  33.3
            +---------+---------+-------+---------+---------+-------
